Map: Last Remnant

Players

Xeamek

  • Race: Zerg Zerg
  • Spawn Location: 1:00

JaWa

  • Race: Zerg Zerg
  • League: Gold
  • Spawn Location: 3:00

Piernik

  • Race: Protoss Protoss
  • Spawn Location: 12:00

Itetix

  • Race: Terran Terran
  • Spawn Location: 12:00

Maelthor - Winner!

  • Race: Terran Terran
  • Spawn Location: 6:00

Iluvatar - Winner!

  • Race: Terran Terran
  • Spawn Location: 6:00

Erfeyah - Winner!

  • Race: Terran Terran
  • Spawn Location: 9:00

athabstract - Winner!

  • Race: Protoss Protoss
  • Spawn Location: 7:00

VOD

Have the link to the VOD?

Description

Time

  • Played on: Nov. 25, 2017, 3:34 p.m.
  • Length: 19:35
Show
View Real Time Build Order
Export as new Build Order

Xeamek Zerg 

Build Orders: Pool First, Muta Ling Bane 

Get SALT Encoding   

  12  0:01  Drone  
  13  0:10  Drone  
  14  0:14  Extractor  
  14  0:16  Drone  
  15  0:26  Overlord  
  15  0:28  Extractor  
  14  0:44  Spawning Pool  
  14  0:47  Drone  
  14  0:52  Drone  
  14  0:55  Drone  
  16  1:01  Drone  
  17  1:12  Drone  
  18  1:23  Drone  
  19  1:33  Queen, Metabolic Boost  
  19  1:36  Zergling x2  
  22  1:44  Overlord  
  22  1:48  Extractor  
  21  2:09  Hatchery  
  21  2:12  Zergling x2  
  21  2:21  Lair  
  21  2:32  Zergling x4  
  21  2:33  Zergling x2  
  24  2:42  Baneling Nest  
  23  2:49  Zergling x4  
  25  3:06  Zergling x6  
  27  3:26  Zergling x4  
  20  3:51  Drone x5  
  20  3:54  Queen  
  27  4:03  Spire  
  27  4:09  Evolution Chamber  
  25  4:20  Drone x3  
  25  4:21  Drone  
  27  4:45  Centrifical Hooks  
  27  4:47  Zergling x2  
  27  4:48  Zergling x10  
  33  4:58  Extractor  
  32  5:00  Zergling x8, Extractor  
  35  5:08  Baneling  
  35  5:09  Baneling x2  
  35  5:10  Baneling  
  35  5:21  Baneling  
  35  5:28  Drone  
  35  5:30  Overlord x2  
  35  5:31  Overlord x3  
  36  5:48  Queen  
  38  5:58  Drone  
  38  5:59  Drone x6  
  38  6:02  Baneling  
  45  6:25  Drone  
  46  6:26  Drone x5  
  51  6:33  Drone x2  
  51  6:34  Drone  
  54  6:45  Drone  
  54  6:46  Drone  
  56  7:22  Pneumatized Carapace  
  56  7:24  Queen  
  58  7:34  Zergling x2  
  58  7:35  Zergling x16  
  61  7:51  Zerg Melee Weapons Level 1  
  58  7:55  Evolution Chamber  
  56  7:58  Evolution Chamber  
  56  8:00  Queen  
  56  8:05  Queen  
  57  8:18  Zergling x2  
  57  8:19  Zergling x18  
  67  8:39  Overlord x3  
  67  8:42  Baneling x5  
  67  8:43  Baneling x30  
  67  8:56  Queen  
  55  9:14  Mutalisk  
  55  9:15  Mutalisk x8  
  70  9:33  Zerg Missile Weapons Level 1, Zerg Ground Armor Level 1  
  70  9:35  Zergling x6  
  71  10:03  Mutalisk  
  71  10:04  Mutalisk x4  
  79  10:15  Mutalisk  
  79  10:18  Overlord x4  
  81  10:38  Mutalisk x3  
  85  10:51  Mutalisk  
  87  11:12  Mutalisk x2  
  91  11:24  Mutalisk x2  
  84  11:42  Mutalisk  
  84  11:43  Mutalisk  
  84  11:53  Mutalisk  
  84  12:33  Mutalisk  
  84  12:34  Mutalisk x3  
  68  13:40  Spire  
  67  13:43  Mutalisk x3  
  67  13:45  Hatchery  
  72  13:53  Hatchery  
  64  14:34  Mutalisk x6  
  72  14:49  Mutalisk  
  68  14:54  Zergling x2, Drone x2  
  68  14:55  Zergling x26  
  80  15:05  Mutalisk x2  
  74  15:24  Zerg Flyer Weapons Level 1  
  74  15:27  Zergling x10  
  74  15:35  Baneling x10  
  66  16:51  Zergling x22  
  66  16:52  Zergling x2  
  78  17:13  Zergling x10  
  83  17:18  Zergling x2  
  48  17:50  Zergling x2, Hatchery  
  48  17:51  Zergling x6  
  44  17:55  Hatchery  
  37  18:00  Hatchery  
  37  18:04  Zergling x4  
  37  18:05  Zergling x2  
Show
View Real Time Build Order
Export as new Build Order

JaWa Zerg 

Build Orders: Pool First 

Get SALT Encoding   

  12  0:02  Drone  
  13  0:13  Overlord  
  13  0:18  Drone  
  14  0:27  Extractor  
  13  0:29  Drone  
  14  0:45  Spawning Pool  
  14  0:48  Drone  
  14  0:50  Drone  
  14  0:54  Drone  
  16  1:06  Drone  
  16  1:10  Drone  
  18  1:20  Drone  
  19  1:46  Metabolic Boost  
  19  1:50  Hatchery  
  19  1:51  Evolution Chamber  
  19  1:54  Drone x2  
  19  1:56  Zergling x2  
  20  2:06  Queen  
  22  2:25  Zerg Melee Weapons Level 1  
  22  2:35  Hatchery  
  21  2:40  Zergling x2  
  22  2:44  Overlord  
  22  2:53  Overlord  
  22  3:13  Drone x3  
  22  3:19  Zergling x2  
  27  3:20  Zergling x2  
  27  3:27  Extractor  
  26  3:34  Baneling Nest  
  26  3:35  Drone  
  26  3:36  Drone  
  26  3:39  Drone  
  28  4:02  Zergling x2  
  29  4:03  Zergling x8  
  29  4:04  Zergling x2  
  34  4:19  Zerg Ground Armor Level 1  
  14  4:50  Zergling x14  
  21  4:54  Lair  
  21  5:02  Drone  
  22  5:11  Drone  
  20  5:17  Drone  
  21  5:25  Drone  
  22  5:31  Drone  
  23  5:40  Drone  
  24  5:54  Centrifical Hooks  
  24  6:06  Drone x2  
  26  6:17  Zergling x2  
  26  6:18  Zergling x4  
  29  6:34  Zergling x8  
  29  6:38  Zergling x2  
  34  6:47  Zergling x2  
  34  6:48  Zergling x2  
  34  6:49  Zergling x2  
  37  7:17  Baneling x5  
  37  7:18  Baneling x5  
  37  7:20  Baneling x6  
  37  7:21  Baneling x2  
  37  7:22  Baneling  
  22  8:01  Zergling x14  
  22  8:02  Zergling x6  
  32  8:10  Queen  
  34  8:14  Zergling x4  
  36  8:28  Zergling x2  
  36  8:29  Zergling x4  
  39  8:35  Baneling x2  
  39  8:36  Baneling x6  
  39  8:37  Baneling  
  39  8:41  Baneling  
  39  8:42  Baneling  
  39  8:43  Baneling  
  39  8:52  Zergling x4  
  39  8:53  Zergling x2  
  27  9:18  Zergling x8  
  27  9:19  Zergling x8  
  27  9:24  Zergling x2  
  36  9:35  Zergling x6  
  36  9:36  Zergling x2  
  24  11:27  Zergling x10  
  24  11:28  Zergling x12  
  24  11:29  Zergling x12  
  24  11:30  Zergling x6  
  24  11:32  Overlord x2  
  44  11:33  Overlord  
  44  11:35  Zerg Melee Weapons Level 2  
  24  13:09  Zergling x6  
  24  13:10  Zergling x12  
  24  13:11  Zergling x10, Hatchery  
  37  13:14  Zergling x2  
  38  13:34  Zergling x4  
  38  13:35  Zergling x4  
  42  13:51  Zerg Ground Armor Level 2  
  25  14:23  Zergling x12  
  25  14:24  Zergling x12  
  32  14:25  Zergling x2  
  37  14:46  Baneling x4  
  37  14:47  Baneling x7  
  37  14:49  Baneling  
  37  14:52  Baneling  
  37  14:55  Baneling  
  37  14:57  Baneling  
  32  15:33  Zergling x14  
  39  15:55  Zergling x4  
  39  15:56  Zergling x4  
  21  18:00  Overseer  
  21  18:03  Overseer  
Show
View Real Time Build Order
Export as new Build Order

Piernik Protoss 

Build Orders:  

Get SALT Encoding   

  12  0:03  Probe  
  13  0:19  Pylon  
  13  0:31  Probe (Chrono Boost)  
  14  0:38  Gateway  
  14  0:42  Probe (Chrono Boost)  
  15  0:46  Probe  
  16  0:50  Assimilator  
  16  1:09  Gateway  
  16  1:14  Probe (Chrono Boost)  
  17  1:25  Probe (Chrono Boost)  
  18  1:26  Cybernetics Core  
  18  1:28  Probe  
  19  2:04  Nexus  
  19  2:08  Assimilator  
  19  2:12  Assimilator  
  19  2:18  Warp Gate (Chrono Boost)  
  19  2:32  Forge  
  19  2:35  Shield Battery  
  19  2:46  Probe  
  20  2:56  Assimilator  
  20  2:58  Probe  
  21  3:10  Probe  
  22  3:22  Probe  
  22  3:27  Pylon  
  23  3:29  Photon Cannon x2  
  23  3:33  Probe (Chrono Boost)  
  26  3:44  Probe x2 (Chrono Boost)  
  26  3:47  Probe  
  27  3:48  Stargate  
  27  4:00  Probe  
  28  4:12  Probe  
  29  4:29  Photon Cannon  
  29  4:34  Twilight Council  
  29  4:37  Shield Battery  
  29  4:42  Probe  
  30  4:54  Probe  
  31  5:05  Fleet Beacon  
  33  5:07  Probe (Chrono Boost)  
  34  5:16  Probe (Chrono Boost)  
  34  5:18  Probe (Chrono Boost)  
  34  5:21  Probe  
  35  5:24  Pylon  
  35  5:25  Pylon  
  35  5:33  Probe  
  36  5:45  Probe (Chrono Boost)  
  37  5:57  Probe (Chrono Boost)  
  37  6:01  Protoss Air Weapons Level 1, Carrier  
  44  6:13  Gateway x2  
  44  6:14  Gateway  
  44  6:17  Gateway  
  44  6:18  Gateway  
  44  6:21  Gateway  
  44  6:24  Gateway  
  44  6:25  Gateway  
  44  6:26  Gateway  
  44  6:27  Pylon  
  44  6:49  Mothership  
  44  6:52  Zealot x2  
  56  6:54  Charge  
  52  7:26  Stargate  
  52  7:28  Stargate  
  52  7:39  Graviton Catapult  
  52  7:44  Zealot x3  
  52  7:45  Zealot x6  
  52  7:51  Pylon  
  70  7:52  Pylon  
  70  8:12  Nexus  
  70  8:31  Zealot x3  
  70  8:32  Zealot x5  
  74  9:01  Carrier (Chrono Boost)  
  70  9:06  Zealot x2  
  70  9:07  Zealot x2  
  70  9:26  Protoss Air Weapons Level 2  
  70  9:39  Carrier x2 (Chrono Boost)  
  67  10:07  Zealot x3  
  67  10:08  Zealot  
  75  10:23  Pylon x2  
  75  10:47  Pylon  
  75  10:49  Pylon  
  75  10:51  Pylon  
  75  10:52  Pylon  
  75  10:55  Carrier  
  77  11:39  Mothership (Chrono Boost)  
  73  11:41  Carrier x2  
  73  11:43  Protoss Air Armor Level 1  
  85  12:11  Carrier  
  85  12:17  Nexus  
  91  12:24  Assimilator  
  91  12:28  Assimilator  
  91  13:10  Forge  
  91  13:15  Carrier  
  91  13:16  Carrier  
  103  13:37  Protoss Air Weapons Level 3  
  103  13:45  Protoss Shields Level 1  
  76  14:37  Carrier  
  34  15:13  Zealot x4  
  34  16:13  Protoss Air Armor Level 2  
  34  16:19  Nexus  
  34  17:46  Carrier (Chrono Boost)  
  32  18:34  Zealot x2  
  36  18:36  Zealot x3  
  36  18:37  Zealot x4  
  36  18:38  Zealot  
  48  18:55  Zealot  
  46  18:56  Zealot  
  46  18:59  Zealot  
  46  19:00  Zealot  
  46  19:01  Zealot x2  
  46  19:02  Zealot  
  52  19:03  Zealot  
  52  19:04  Zealot x2  
  30  19:17  Zealot x2  
Show
View Real Time Build Order
Export as new Build Order

Itetix Terran 

Build Orders:  

Get SALT Encoding   

  12  0:03  SCV  
  13  0:15  SCV  
  14  0:28  Refinery  
  14  0:31  Supply Depot  
  14  0:35  SCV  
  15  0:52  SCV  
  16  0:57  Barracks  
  16  1:05  SCV  
  16  1:09  Refinery  
  17  1:21  SCV  
  18  1:34  SCV  
  19  1:50  Barracks Reactor  
  19  1:51  Factory  
  19  1:56  SCV  
  20  2:09  SCV  
  21  2:23  SCV  
  22  2:51  Supply Depot  
  22  2:54  Orbital Command  
  22  3:08  Command Center  
  22  3:09  Marine  
  22  3:12  Cyclone  
  26  3:13  Cyclone  
  29  3:26  Bunker  
  29  3:27  Marine  
  30  3:44  Marine  
  30  3:46  Supply Depot  
  31  4:08  Marine  
  32  4:10  Supply Depot  
  32  4:21  Factory  
  32  4:33  Supply Depot  
  32  4:34  Barracks Tech Lab  
  32  4:39  SCV  
  32  4:40  SCV  
  34  4:52  SCV x2  
  36  4:55  Marauder  
  38  5:04  SCV x2  
  38  5:06  Factory  
  40  5:07  Cyclone  
  43  5:16  Marauder  
  45  5:22  Engineering Bay  
  45  5:48  Marauder  
  45  5:49  Concussive Shells  
  47  5:52  Terran Infantry Weapons Level 1  
  47  5:56  Barracks  
  47  5:58  SCV x2  
  49  6:09  Marauder  
  49  6:10  SCV  
  52  6:26  Starport  
  52  6:32  Marauder  
  54  6:33  Widow Mine  
  54  6:36  Factory Tech Lab  
  56  6:45  Barracks  
  56  6:53  Marine  
  52  7:01  Widow Mine  
  52  7:05  Starport  
  52  7:11  Marine  
  53  7:21  Starport Tech Lab  
  52  7:29  Marine  
  45  8:16  Siege Tank  
  48  8:20  Factory Tech Lab  
  48  8:48  Siege Tank  
  51  8:50  Marine x2  
  52  8:59  Siege Tank  
  55  9:07  Marine  
  55  9:15  Marine  
  50  9:31  Siege Tank  
  36  10:53  Starport Tech Lab  
  36  11:02  Siege Tank  
  36  11:03  Siege Tank  
  42  11:36  Marauder  
  44  12:10  Siege Tank  
  44  12:15  SCV  
  48  12:27  SCV  
  47  13:12  SCV  
  48  13:24  SCV  
  49  13:36  SCV  
  50  13:48  SCV  
  51  14:00  SCV  
  52  14:12  SCV  
  35  14:45  Viking  
  35  14:46  Viking  
  39  15:15  Viking  
  39  15:16  Viking  
  43  15:45  Viking x2  
  43  15:49  Siege Tank  
  53  15:57  Siege Tank  
  53  16:15  Viking  
  55  16:26  Viking  
  47  16:56  Siege Tank  
  47  16:57  Siege Tank  
  53  17:11  Viking  
  53  17:12  Viking  
  57  17:29  Siege Tank  
Show
View Real Time Build Order
Export as new Build Order

Maelthor Terran - Winner!

Build Orders: Hellion Opening 

Get SALT Encoding   

  12  0:01  SCV  
  13  0:13  SCV  
  14  0:20  Supply Depot  
  14  0:28  SCV  
  15  0:42  Barracks  
  15  0:45  SCV, Refinery  
  16  0:57  SCV  
  17  1:09  SCV  
  18  1:21  SCV, Refinery  
  19  1:29  Marine  
  20  1:38  Orbital Command  
  20  1:52  Factory  
  20  1:54  Barracks Reactor  
  20  2:10  Command Center  
  20  2:15  SCV  
  21  2:23  Supply Depot  
  21  2:29  SCV  
  22  2:41  SCV  
  23  2:46  Hellion x2  
  27  2:53  SCV  
  28  3:05  SCV  
  28  3:07  Barracks Tech Lab  
  28  3:08  Hellion  
  31  3:22  Hellion  
  33  3:29  Hellion  
  33  3:33  SCV  
  36  3:37  Supply Depot  
  36  3:40  Starport  
  36  3:44  Hellion  
  38  3:51  Orbital Command  
  38  3:52  SCV  
  39  4:04  Factory, SCV  
  40  4:19  SCV x2  
  38  4:40  Hellion x2  
  42  4:47  Starport Reactor  
  42  4:48  Supply Depot  
  42  5:01  SCV x2  
  44  5:08  Liberator x2  
  44  5:13  SCV, Armory  
  45  5:15  SCV  
  45  5:16  Supply Depot  
  46  5:23  Armory  
  46  5:25  SCV  
  46  5:27  Orbital Command  
  53  5:31  Command Center  
  52  5:59  SCV x2  
  54  6:05  Hellion x2  
  54  6:06  Hellion  
  60  6:13  Command Center  
  60  6:14  Barracks  
  60  6:15  Infernal Pre-Igniter  
  60  6:23  SCV x2  
  62  6:28  Supply Depot  
  62  6:29  Supply Depot  
  62  6:30  Supply Depot  
  62  6:35  SCV x2  
  64  6:42  Engineering Bay  
  64  6:47  SCV x2  
  64  6:48  Hellion x2  
  70  6:55  Medivac  
  70  6:56  Medivac  
  70  6:58  Barracks Tech Lab  
  70  6:59  SCV x2  
  76  7:04  Barracks Tech Lab  
  76  7:09  Barracks, Hellion  
  76  7:10  Barracks  
  78  7:21  SCV x2  
  80  7:27  Hellion  
  82  7:31  Hellion  
  82  7:33  SCV x2  
  84  7:42  SCV  
  85  7:45  SCV  
  85  7:46  SCV  
  73  8:05  SCV  
  73  8:06  SCV  
  62  8:15  Barracks Reactor x2  
  62  8:28  Hellion  
  62  8:29  Hellion x2, Viking x2  
  62  8:31  SCV  
  62  8:32  SCV  
  62  8:33  Orbital Command  
  74  8:39  Refinery  
  74  8:41  Refinery  
  74  8:43  SCV  
  74  8:44  SCV  
  74  8:47  Supply Depot x2, Refinery  
  76  8:48  Supply Depot  
  76  8:51  Refinery  
  76  8:53  Starport  
  76  8:55  Starport, Marine x2  
  76  8:56  Marine x4  
  76  8:58  Combat Shields  
  76  8:59  Stimpack  
  82  9:07  SCV x3  
  85  9:13  Engineering Bay, Marine  
  85  9:14  Engineering Bay  
  86  9:36  Starport Reactor x2  
  86  9:37  Viking x2  
  88  9:43  Marine  
  88  9:44  Marine x3  
  80  10:01  Marine x3  
  83  10:09  Hellion x3  
  83  10:11  SCV x3  
  88  10:23  SCV x2  
  88  10:30  Terran Infantry Armor Level 1, Terran Infantry Weapons Level 1  
  88  10:32  Missile Turret  
  88  10:35  Missile Turret  
  88  10:36  Viking x5  
  88  10:37  Viking, Missile Turret  
  88  10:38  Hellion  
  88  10:39  Hellion x2  
  106  10:53  Marine x6  
  106  10:57  SCV x3  
  114  10:59  Terran Vehicle Weapons Level 1  
  115  11:09  Armory  
  115  11:10  Marine  
  116  11:12  Marine x2  
  116  11:13  Marine x3  
  115  11:36  Marine x4  
  115  11:37  Marine x2  
  115  11:50  Viking x4  
  115  11:51  Viking x2  
  127  11:54  Marine x5  
  127  11:58  Supply Depot x2  
  127  12:00  Supply Depot, Marine  
  133  12:19  Marine x6  
  133  12:20  Viking x3  
  145  12:37  Marine  
  145  12:41  Marine x5  
  151  12:55  Terran Infantry Armor Level 2, Terran Infantry Weapons Level 2  
  151  13:00  Supply Depot  
  151  13:04  Supply Depot  
  151  13:05  Supply Depot  
  151  13:06  Marine x2  
  151  13:07  Marine x3  
  156  13:18  Barracks  
  156  13:22  Barracks x2  
  156  13:28  Marine x5, Marauder  
  156  13:33  Terran Vehicle Weapons Level 2  
  163  13:35  Terran Vehicle And Ship Armor Level 1  
  163  13:45  Marine x2  
  163  13:46  Marine x2, Marauder  
  169  13:49  Marine  
  170  14:03  Marine x3  
  170  14:04  Marine  
  170  14:07  Marauder  
  175  14:30  Marine  
  175  14:31  Marine x6, Marauder  
  150  14:49  Marine x2  
  145  14:58  Marine x6  
  145  15:07  Marine x2  
  145  15:16  Marine x5  
  145  15:25  Marine x2  
  141  15:30  Marine  
  141  15:34  Marine x5  
  147  15:43  Marine x2  
  147  15:48  Marine  
  150  15:51  Marine  
  150  15:52  Marine x4  
  155  16:01  Marine, Terran Infantry Weapons Level 3, Terran Infantry Armor Level 3  
  152  16:27  Command Center  
  152  16:29  Viking  
  152  16:30  Viking x4  
  156  16:35  Marine  
  156  16:36  Marine x7  
  160  16:50  Viking  
  160  16:53  Marine x3  
  160  16:54  Marine x4  
  165  16:59  Viking  
  165  17:00  Viking  
  159  17:22  Marine x6, Marauder x2  
  169  17:39  Marine  
  169  17:40  Marine x3  
  147  17:55  Marine x3, Marauder  
  147  17:57  Marine x4  
  119  18:10  Viking x3  
  125  18:12  Marine x2  
  125  18:13  Marine  
  125  18:15  Marine x4  
  125  18:16  Marine  
  133  18:26  Viking x2  
  133  18:27  Viking  
  130  18:30  Marine x3  
  130  18:33  Marine x2  
  135  18:40  Viking  
  134  18:52  Marine x5  
  134  18:53  Marine  
  134  18:55  Barracks Tech Lab  
  132  19:05  Orbital Command  
  138  19:23  Command Center  
Show
View Real Time Build Order
Export as new Build Order

Iluvatar Terran - Winner!

Build Orders: MMM Bio 

Get SALT Encoding   

  12  0:01  SCV  
  13  0:13  SCV  
  14  0:20  Supply Depot  
  14  0:27  SCV  
  15  0:41  SCV  
  15  0:42  Barracks  
  16  0:52  Refinery  
  16  0:53  SCV  
  17  1:05  SCV  
  18  1:13  Barracks  
  18  1:23  SCV  
  19  1:30  Marine  
  20  1:37  SCV  
  20  1:38  Supply Depot  
  21  1:50  Marine  
  22  1:56  Orbital Command  
  22  2:01  Marine  
  23  2:08  Supply Depot  
  23  2:19  Barracks Tech Lab  
  23  2:23  SCV  
  23  2:24  Barracks  
  23  2:28  Supply Depot  
  24  2:31  Marine  
  25  2:37  SCV  
  25  2:38  Factory  
  26  2:44  Marine  
  26  2:49  Stimpack  
  27  2:54  SCV  
  28  3:16  Marine x2  
  30  3:20  Barracks Reactor  
  30  3:34  Marine x2  
  32  3:55  Starport  
  32  4:01  Factory Reactor  
  32  4:03  Marine x2  
  34  4:20  Marine x2  
  34  4:21  Marine x2  
  38  4:38  Marine x2  
  39  4:39  Marine x2  
  42  4:56  Marine x2  
  42  4:57  Marine x2  
  46  5:05  Command Center  
  43  5:13  Marine  
  43  5:14  Marine x2  
  42  5:15  Marine  
  45  5:25  Medivac  
  46  5:31  Marine  
  47  6:08  Command Center  
  47  6:15  Combat Shields  
  47  6:25  Medivac, Marine x4  
  53  6:27  Supply Depot  
  53  6:30  Supply Depot  
  53  6:36  Medivac  
  55  6:43  Marine x4  
  59  6:57  SCV  
  59  7:00  Marine x4  
  64  7:06  Factory Tech Lab  
  64  7:09  SCV  
  65  7:16  Medivac  
  65  7:18  Marine x2  
  65  7:21  SCV, Refinery  
  70  7:23  Orbital Command  
  70  7:28  Refinery  
  70  7:33  SCV  
  71  7:37  Marine x3  
  74  7:45  SCV  
  75  7:58  SCV  
  76  8:10  SCV  
  76  8:12  Marine x4  
  78  8:30  Marine x4  
  82  8:48  Marine x4  
  74  9:05  Marine  
  72  9:19  Marine x2  
  72  9:20  Marine  
  72  9:21  Medivac x2  
  72  9:23  Marine  
  78  9:37  Marine x3  
  80  9:41  Marine  
  80  9:51  Medivac x2  
  83  9:55  Marine  
  76  10:07  Marine x2  
  71  10:24  Medivac x2  
  75  10:32  Marine x4  
  67  10:49  Marine  
  68  11:02  Marine x3  
  71  11:06  SCV  
  71  11:07  Marine  
  73  11:16  SCV  
  69  11:18  SCV  
  69  11:19  Marine  
  68  11:28  SCV  
  64  11:41  Marine x4  
  66  11:59  Marine x4  
  59  12:17  Marine  
  50  12:43  Marine x4  
  54  12:44  SCV x2  
  56  12:56  SCV x2  
  49  13:04  Marine x4  
  43  13:08  SCV x2  
  45  13:20  SCV  
  45  13:21  SCV  
  45  13:22  Marine x2  
  49  13:33  SCV x2  
  51  13:45  SCV x2, Marine  
  51  13:47  Marine  
  55  13:54  Marine x2  
  57  13:57  SCV  
  52  14:34  Marine x2  
  52  14:35  Marine x2  
  53  14:52  Marine x2  
  51  14:53  Marine x2  
  51  14:54  SCV x2  
  51  14:55  Medivac x2  
  60  15:06  SCV  
  61  15:10  Marine x3  
  61  15:11  Marine  
  65  15:14  Barracks  
  65  15:16  Barracks  
  65  15:28  Marine x4  
  66  15:32  Medivac  
  71  15:46  Marine x4  
  64  16:16  Marine  
  64  16:17  Marine x4  
  64  16:18  Marine  
  64  16:31  SCV x2, Medivac  
  64  16:32  Medivac  
  70  16:34  Marine x3  
  70  16:35  Marine x3  
  75  16:51  Command Center  
  75  16:52  Marine  
  76  17:01  Medivac  
  78  17:15  SCV x2  
  80  17:16  Marine x2  
  80  17:17  Barracks Reactor x3  
  80  17:19  Marine  
  83  17:27  SCV x2  
  85  17:34  Marine x2  
  87  17:39  SCV  
  88  18:04  Marine x5  
  88  18:05  Marine x4  
  95  18:22  Marine x7  
  95  18:23  Marine x2  
  102  18:39  Marine  
  102  18:40  Marine  
  104  18:45  Marine x4  
  104  18:46  Marine  
  109  19:03  Marine  
  109  19:05  Marine  
  109  19:08  Marine  
  109  19:15  Marine x6  
  115  19:20  Supply Depot  
  115  19:22  Supply Depot  
  115  19:24  Supply Depot x2  
Show
View Real Time Build Order
Export as new Build Order

Erfeyah Terran - Winner!

Build Orders:  

Get SALT Encoding   

  12  0:35  Supply Depot  
  12  0:44  SCV  
  13  0:56  SCV  
  14  1:08  SCV  
  15  1:12  Barracks  
  15  1:26  Supply Depot  
  15  1:50  Supply Depot  
  15  2:06  SCV  
  16  2:13  Supply Depot  
  16  2:17  Barracks  
  16  2:18  SCV  
  17  2:27  Refinery  
  17  2:34  SCV  
  17  2:36  Supply Depot  
  18  2:46  SCV  
  18  2:49  Marine  
  20  2:58  Supply Depot  
  19  3:06  Marine  
  19  3:24  Marine  
  20  3:30  SCV  
  20  3:32  Marine  
  21  3:42  SCV, Marine  
  23  3:50  Marine  
  23  3:54  SCV  
  25  4:00  Marine  
  26  4:07  Marine  
  27  4:18  Marine  
  28  4:25  Marine  
  29  4:32  Barracks  
  29  4:35  Marine  
  30  4:43  Marine  
  31  5:07  SCV  
  31  5:09  Marine x2  
  34  5:19  SCV  
  35  5:25  Factory  
  35  5:27  Marine x2  
  37  5:43  Supply Depot  
  37  5:45  Marine  
  37  5:49  Marine x2  
  40  6:02  Marine  
  41  6:06  Supply Depot  
  41  6:07  Marine x2  
  43  6:15  Starport  
  43  6:24  Refinery  
  43  6:25  SCV  
  43  6:28  Supply Depot  
  43  6:29  Marine x3  
  47  6:38  SCV  
  48  6:46  Marine  
  48  6:47  Marine x2  
  48  6:50  SCV  
  48  6:51  Supply Depot  
  52  6:55  Starport  
  52  7:02  SCV  
  52  7:04  Marine x2  
  52  7:05  Marine  
  56  7:14  SCV  
  57  7:22  Marine x3  
  58  7:26  SCV  
  58  7:28  Medivac  
  63  7:38  SCV  
  63  7:40  Marine x3  
  67  7:50  SCV  
  68  7:58  Medivac, Marine x3  
  69  8:02  SCV  
  74  8:14  SCV  
  74  8:16  Marine x3  
  78  8:33  Marine  
  78  8:34  Marine x2  
  81  8:50  Medivac x2  
  81  8:51  Marine x2  
  70  9:20  Medivac x2  
  70  9:23  Marine x3  
  77  9:41  Marine x3  
  77  9:42  SCV  
  69  9:54  SCV  
  69  9:58  Marine  
  69  9:59  Marine x2  
  64  10:06  SCV  
  45  10:16  Marine x2  
  45  10:17  Marine  
  45  10:18  SCV  
  47  10:22  Medivac x2  
  48  10:31  SCV  
  48  10:34  Marine x3  
  49  10:52  Medivac, Marine x3  
  54  10:58  Medivac  
  56  11:10  Marine x3  
  59  11:27  Marine  
  59  11:28  Marine x2  
  60  11:45  Marine x2  
  60  11:46  Marine  
  62  12:03  Marine x3  
  62  12:07  Medivac  
  67  12:21  Marine x3  
  68  12:39  Marine x3  
  71  12:57  Marine x3  
  74  13:14  Marine  
  74  13:15  Marine x2  
  77  13:30  Command Center  
  77  13:32  Marine  
  58  14:30  Marine x3  
  56  14:48  Marine x3  
  50  15:06  Marine x3  
  51  15:23  Marine  
  51  15:24  Marine x2  
  52  15:28  SCV  
  51  15:40  SCV  
  51  15:41  Marine x2  
  51  15:42  Marine  
  55  15:53  SCV  
  56  15:58  Medivac  
  56  15:59  Marine x3  
  61  16:05  Refinery  
  61  16:17  Marine x3  
  64  16:18  Medivac  
  66  16:32  Medivac  
  68  16:35  Marine x3  
  71  16:48  Medivac  
  71  16:51  Barracks  
  71  16:53  Marine x3  
  76  17:10  Marine  
  76  17:11  Marine x2  
  79  17:21  Starport  
  53  17:28  Marine x2  
  48  17:38  Marine x2  
  50  17:46  Marine x2  
  52  17:56  Marine x2  
  54  18:04  Marine x2  
  56  18:14  Marine x2  
  58  18:32  Reaper  
  59  18:34  Marine x2  
  59  18:35  Marine  
  59  18:52  Marine x3  
  59  19:10  Marine x2  
Show
View Real Time Build Order
Export as new Build Order

athabstract Protoss - Winner!

Build Orders:  

Get SALT Encoding   

  12  0:01  Probe  
  13  0:13  Probe  
  14  0:25  Pylon  
  14  0:26  Probe  
  15  0:40  Assimilator  
  15  0:43  Probe (Chrono Boost)  
  16  0:50  Gateway  
  16  0:55  Probe (Chrono Boost)  
  17  1:09  Probe (Chrono Boost)  
  18  1:11  Assimilator  
  19  1:18  Pylon  
  19  1:20  Probe (Chrono Boost)  
  19  1:23  Probe  
  20  1:35  Probe  
  21  1:45  Cybernetics Core  
  21  1:47  Probe  
  22  1:59  Probe (Chrono Boost)  
  23  2:02  Gateway  
  23  2:04  Gateway  
  23  2:11  Probe (Chrono Boost)  
  24  2:22  Warp Gate  
  24  2:31  Stalker  
  26  2:46  Pylon  
  26  2:57  Nexus  
  26  3:00  Assimilator  
  26  3:04  Assimilator  
  26  3:05  Probe  
  27  3:13  Stalker  
  27  3:17  Probe  
  29  3:33  Probe (Chrono Boost)  
  30  3:37  Stalker  
  30  3:40  Stalker  
  35  3:45  Probe (Chrono Boost)  
  35  3:47  Probe  
  36  3:49  Stalker  
  38  3:59  Probe  
  39  4:05  Robotics Facility  
  39  4:11  Probe  
  40  4:19  Pylon  
  40  4:23  Probe (Chrono Boost)  
  40  4:24  Pylon  
  42  4:33  Probe (Chrono Boost)  
  42  4:53  Stalker x3  
  42  4:57  Observer  
  49  5:35  Pylon  
  49  5:39  Pylon, Stalker  
  49  5:40  Stalker x2  
  55  6:05  Stalker x3  
  61  6:22  Pylon  
  61  6:29  Stalker x3  
  67  6:46  Probe (Chrono Boost)  
  68  6:58  Probe (Chrono Boost)  
  69  7:06  Probe (Chrono Boost)  
  70  7:12  Probe  
  70  7:14  Gateway  
  71  7:16  Gateway  
  71  7:17  Gateway  
  71  7:20  Stalker x2  
  71  7:21  Stalker  
  77  7:24  Probe  
  78  7:36  Forge  
  78  7:41  Twilight Council  
  78  7:42  Probe  
  79  7:51  Nexus  
  79  7:54  Probe x2, Assimilator  
  79  7:58  Assimilator  
  73  8:06  Probe x2  
  73  8:09  Pylon  
  73  8:12  Pylon  
  75  8:16  Pylon  
  75  8:18  Probe x2  
  77  8:21  Stalker  
  77  8:22  Stalker x2  
  83  8:30  Probe x2  
  85  8:42  Probe  
  85  8:43  Probe  
  63  9:19  Stalker x2  
  63  9:20  Stalker  
  69  9:29  Probe x3  
  72  9:33  Protoss Ground Weapons Level 1  
  72  9:41  Probe x3  
  72  9:43  Blink  
  75  9:47  Observer  
  76  10:01  Gateway  
  76  10:03  Stalker  
  76  10:04  Gateway, Stalker x2  
  76  10:05  Stalker x2  
  76  10:06  Stalker  
  88  10:07  Gateway  
  70  10:50  Stalker x4  
  70  10:51  Stalker x2  
  82  11:04  Observer  
  73  11:28  Protoss Ground Armor Level 1  
  70  11:48  Stalker x3  
  70  11:49  Stalker x3  
  70  11:50  Stalker x3  
  88  11:55  Warp Prism (Chrono Boost)  
  90  12:20  Stalker  
  90  12:21  Stalker x4  
  90  12:22  Stalker x3  
  100  12:23  Stalker  
  100  12:26  Gateway  
  100  12:28  Gateway  
  104  12:56  Stalker  
  104  12:57  Stalker x4  
  104  12:58  Stalker x3  
  120  13:14  Pylon  
  120  13:19  Stalker x2  
  124  13:20  Stalker x2  
  124  13:21  Protoss Ground Weapons Level 2, Stalker x2  
  124  13:24  Pylon  
  124  13:26  Pylon  
  132  13:28  Pylon  
  132  13:30  Pylon  
  132  13:38  Stalker x3  
  67  14:41  Stalker x3  
  67  14:42  Stalker x3  
  67  14:43  Stalker x3  
  85  15:05  Stalker x2  
  85  15:06  Stalker x2  
  93  15:07  Stalker x3  
  93  15:08  Stalker x2  
  77  15:37  Protoss Shields Level 1  
  77  15:40  Stalker  
  77  15:41  Stalker x5  
  77  15:42  Stalker x2  
  91  15:43  Stalker  
  95  16:01  Gateway  
  95  16:03  Gateway  
  95  16:07  Gateway  
  95  16:11  Gateway  
  95  16:14  Gateway  
  95  16:16  Gateway  
  95  16:20  Gateway  
  95  16:35  Stalker  
  95  16:36  Stalker x2  
  95  16:37  Stalker x2  
  95  16:38  Stalker x2  
  95  16:39  Stalker x2  
  113  16:54  Observer  
  114  17:14  Warp Prism  
  114  17:23  Stalker  
  114  17:24  Stalker x4  
  114  17:25  Stalker x2  
  86  18:02  Stalker x2  
  86  18:03  Stalker x5  
  86  18:04  Stalker x3  
  86  18:05  Stalker x4  
  110  18:06  Stalker  
  115  18:42  Stalker x2  
  115  18:43  Stalker  
Tags
 
Add a new tag
Caveats
  • Supply blocks, unpowered buildings, or Contaminate may cause inaccurate times.
  • Supply counts are checked every 10 seconds.